AoeStats
← Michi3052

Arabia

509426467Analyzed
1v1 RM · 6d ago on Sep 26, 2026· 67m 59s· 2 players
Game mode
Random Map
Map size
Tiny (2 player)
Population
200
Speed
Normal
Resources
Standard
Victory
Conquest
Starting age
Dark Age
Ending age
Imperial Age
RankedLock teamsTeams togetherTeam positionsShared explorationLock speedFull tech treeHidden civsTurbo modeCheats
Victory
Defeat
🇦🇷 Bulgarians · Argentina
734
+18
🇪🇸 Turks · Spain
772
-18
HuerquenLa
2:50 Loom
11:21 Feudal Age
11:48 Horse Collar
11:55 Double-Bit Axe
13:40 Wheelbarrow
14:21 Town Watch
23:18 Castle Age
25:22 Bow Saw
25:36 Heavy Plow
26:09 Hand Cart
26:58 Squires
30:43 Husbandry
31:24 Fervor
33:32 Forging
33:28 Scale Barding Armor
33:24 Scale Mail Armor
33:38 Bloodlines
34:46 Gold Mining
34:46 Stone Mining
34:56 Stone Mining
35:52 Ballistics
35:29 Murder Holes
35:46 Masonry
35:34 Fletching
36:04 Chain Mail Armor
36:09 Chain Barding Armor
36:16 Chain Barding Armor
37:21 Gold Shaft Mining
37:21 Stone Shaft Mining
37:34 Stone Shaft Mining
37:47 Padded Archer Armor
38:14 Guard Tower
38:13 Elite Skirmisher
38:53 Bodkin Arrow
39:38 Thumb Ring
39:50 Leather Archer Armor
46:28 Imperial Age
48:37 Conscription
48:13 Stirrups
52:19 Crop Rotation
53:28 Iron Casting
53:29 Plate Barding Armor
53:24 Plate Mail Armor
56:03 Onager
61:26 Elite Konnik
Michi3052
9:01 Loom
11:25 Feudal Age
12:09 Double-Bit Axe
12:08 Horse Collar
15:04 Wheelbarrow
22:12 Castle Age
21:03 Gold Mining
23:23 Bloodlines
31:28 Imperial Age
30:15 Gold Shaft Mining
29:40 Fletching
37:53 Hand Cart
37:24 Town Watch
40:36 Ballistics
40:31 Bow Saw
40:49 Bodkin Arrow
40:56 Padded Archer Armor
47:33 Heavy Camel Rider
48:31 Stone Mining
49:59 Bracer
50:16 Leather Archer Armor
61:37 Conscription
Connection lost

Rejoining the realm…

Still unreachable

The connection could not be restored.

Session expired

The server has moved on; the page needs a fresh start.